 Dungeon Crawl Stone Soup version 0.23-a0-644-gb60d84b (webtiles) character file.

107 Borgoz the Sneak (level 5, -3/32 HPs)
             Began as a Kobold Assassin on Jan 2, 2019.
             Slain by an ogre
             ... wielding a +0 giant spiked club
              (17 damage)
             ... on level 3 of the Dungeon.
             The game lasted 00:06:16 (2320 turns).

Borgoz the Sneak (Kobold Assassin)                  Turns: 2320, Time: 00:06:17

Health: -3/32      AC:  3    Str: 10    XL:     5   Next: 11%
Magic:  5/5        EV: 20    Int: 12    God:
Gold:   100        SH:  0    Dex: 21    Spells: 4/4 levels left

rFire    . . .     SeeInvis .   b - +0 blowgun
rCold    . . .     Gourm    .   (shield restricted)
rNeg     . . .     Faith    .   c - +0 robe
rPois    .         Spirit   .   (no helmet)
rElec    .         Reflect  .   d - +0 cloak
rCorr    .         Harm     .   (no gloves)
MR       .....                  (no boots)
Stlth    +++++.....             (no amulet)
HPRegen  0.10/turn              (no ring)
MPRegen  0.09/turn              (no ring)

@: agile
A: small, carnivore
a: no special abilities


You were on level 3 of the Dungeon.
You were completely stuffed.

You visited 1 branch of the dungeon, and saw 3 of its levels.

You collected 100 gold pieces.

Inventory:

Hand Weapons
 a - a +2 dagger
 b - a +0 blowgun (weapon)
 l - a +0 whip of electrocution
 r - a +3 whip
Missiles
 e - 52 poisoned needles (quivered)
 f - 2 curare-tipped needles
Armour
 c - a +0 robe (worn)
 d - a +0 cloak (worn)
Scrolls
 i - 3 scrolls of remove curse
 j - a scroll of magic mapping
 k - a scroll of blinking {unknown}
 s - a scroll of identify
Potions
 h - 2 potions of ambrosia
 n - a potion of cancellation
 p - a potion of mutation
Comestibles
 g - 4 rations
 q - 3 chunks of flesh


   Skills:
 + Level 2.8 Fighting
 * Level 4.1 Short Blades
 + Level 2.8 Throwing
 + Level 2.2 Dodging
 * Level 6.3 Stealth


You had 4 spell levels left.
You didn't know any spells.
Your spell library was empty.

Dungeon Overview and Level Annotations

Branches:
Dungeon (3/15)

Altars:


Innate Abilities, Weirdness & Mutations

You are small and have problems with some larger weapons.
You are carnivorous and can eat meat at any time.


Message History

You feel sick. The bat misses you.
* * * LOW HITPOINT WARNING * * *
You feel sick. The bat barely misses you. The bat hits you but does no damage.
Items here: (( ) † 3 poisoned needles; a +0 short sword; 2 stones; a kobold corpse
* * * LOW HITPOINT WARNING * * *
You feel sick.
You kill the kobold!
The bat barely misses you.
You see here a leopard gecko skeleton.
It was a potion of agility.
You feel agile all of a sudden.
* * * LOW HITPOINT WARNING * * *
You feel sick. The bat misses you.
It was a potion of magic.
Magic courses through your body. The bat closely misses you.
It was a potion of curing.
You feel better. The bat misses you.
The ogre hits you with a +0 giant spiked club!
Ouch! That really hurt!
You die...

#.# #.# #. #... #.###.# #.
#...# #.....# #[
####...###################
......+..................
#....####.##############
#......##.##
####....†.##..####
........(b@.....>#
####...(hO###..#.##
#.#.#.#(#.#.#.#.#.#
#.#.#.#.#.#.#.#.###
#.#(#.#.#.#.#.#..
#.#.#.#.#.#.#.#.#.#
#.#(#.#.#.#.#.#÷#..#
.#.#.#.#.#.#.#.#.#.# #.#
#.#.#.#.#.#..#


You could see an ogre, a jackal and a bat.

Vanquished Creatures
  4 adders
  4 oozes
  2 worms (D:2)
  3 leopard geckos
  5 bats
  4 giant cockroaches
  2 goblins (D:2)
  3 hobgoblins
  A jackal (D:2)
  2 quokkas (D:2)
  2 ball pythons (D:1)
  4 frilled lizards
  7 kobolds
  6 rats
49 creatures vanquished.

Notes
Turn   | Place    | Note
-------+----------+-------------------------------------------
     0 | D:1      | Borgoz the Kobold Assassin began the quest for the Orb.
     0 | D:1      | Reached XP level 1. HP: 12/12 MP: 1/1
   251 | D:1      | Reached XP level 2. HP: 17/17 MP: 2/2
   622 | D:1      | Reached XP level 3. HP: 22/22 MP: 3/3
  1238 | D:2      | Reached skill level 6 in Stealth
  1238 | D:2      | Reached XP level 4. HP: 27/27 MP: 4/4
  2093 | D:3      | Noticed an ogre
  2276 | D:3      | Reached XP level 5. HP: 32/32 MP: 5/5
  2320 | D:3      | Slain by an ogre

Vault maps used:
D:1:      lightli_arrival_lavapool

Skill      XL: |  1  2  3  4 |
---------------+-------------+-----
Short Blades   | 3 4 |  4.1
Stealth        | 6 |  6.3
Dodging        | 2 |  2.2
Fighting       | |  2.8
Throwing       | |  2.8

Action                   |  1- 3 |  4- 6 || total
-------------------------+-------+-------++-------
Melee: Dagger            |    81 |    55 ||   136
 Fire: Blowgun           |       |    10 ||    10
  Use: Scroll            |     4 |     3 ||     7
       Potion            |       |     3 ||     3
 Stab: Sleeping          |    13 |     7 ||    20
  Eat: Chunk             |     9 |     4 ||    13
Armor: Robe              |    19 |    11 ||    30
Dodge: Dodged            |    54 |    56 ||   110

Table legend:
 A = Non-vault XP
 B = Vault XP
 C = Vault XP percentage of total XP
 D = Non-vault monster count
 E = Vault monster count
 F = Vault count percentage of total count
                 A         B        C        D         E       F
            +---------+---------+-------+---------+---------+-------
      Total |     154 |       0 |   0.0 |      49 |       0 |   0.0
            +---------+---------+-------+---------+---------+-------
        D:1 |      29 |       0 |   0.0 |      16 |       0 |   0.0
        D:2 |      94 |       0 |   0.0 |      25 |       0 |   0.0
        D:3 |      31 |       0 |   0.0 |       8 |       0 |   0.0
            +---------+---------+-------+---------+---------+-------
